 Dungeon Crawl Stone Soup version 0.29.1-4-g47bece8355 (webtiles) character file.

Game seed: 17661167005618201561

515 ChadusMaximus the Caller (level 7, -1/46 HPs)
             Began as a Human Summoner on Dec 8, 2022.
             Was an Initiate of Sif Muna.
             Slain by an iguana (5 damage)
             ... on level 5 of the Dungeon.
             The game lasted 00:08:10 (5859 turns).

ChadusMaximus the Caller (Human Summoner)           Turns: 5859, Time: 00:08:11

Health: -1/46      AC:  2    Str:  5 (8)  XL:     7   Next: 44%
Magic:  13/13      EV: 12    Int: 15 (17) God:    Sif Muna [......]
Gold:   137        SH:  0    Dex: 11 (14) Spells: 4/14 levels left

rFire   . . .      SeeInvis .   n - +0 scythe
rCold   . . .      Faith    .   (shield currently unavailable)
rNeg    + . .      Spirit   .   a - +0 robe
rPois   .          Reflect  .   (no helmet)
rElec   .          Harm     .   (no cloak)
rCorr   +          Rampage  .   (no gloves)
Will    .....                   (no boots)
Stlth   ++........              k - amulet of magic regeneration
HPRegen 0.15/turn               f - ring of resist corrosion
MPRegen 0.53/turn               p - ring of positive energy

@: no status effects
A: no striking features
a: Renounce Religion


You were on level 5 of the Dungeon.
You worshipped Sif Muna.
Sif Muna was noncommittal.
You visited 1 branch of the dungeon, and saw 5 of its levels.

You collected 137 gold pieces.

Inventory:

Hand Weapons
 e - a +0 club
 g - a +0 short sword
 n - a +0 scythe (weapon)
Armour
 a - a +0 robe (worn)
 o - a +0 buckler
Jewellery
 f - a ring of resist corrosion (left hand)
 k - an amulet of magic regeneration (around neck)
 p - a ring of positive energy (right hand)
 q - an amulet of reflection
Wands
 t - a wand of polymorph (5)
Scrolls
 d - 3 scrolls of torment {unknown}
 h - a scroll of immolation {unknown}
 i - 4 scrolls of identify {unknown}
 j - a scroll of fog {unknown}
 m - a scroll of noise {unknown}
 s - a scroll of poison
 u - 3 scrolls of teleportation
 w - a scroll of blinking {unknown}
 x - a scroll of brand weapon {unknown}
 y - a scroll of magic mapping {unknown}
Potions
 b - a potion of magic
 c - a potion of brilliance {unknown}
 l - a potion of heal wounds {unknown}
 r - 3 potions of curing {unknown}
 v - a potion of lignification {unknown}
 z - 2 potions of attraction {unknown}
 A - a potion of mutation {unknown}


   Skills:
 - Level 2.0 Dodging
 - Level 2.0 Stealth
 + Level 4.3 Spellcasting
 * Level 7.2 Summonings


You had 4 spell levels left.
You knew the following spells:

 Your Spells              Type           Power      Damage    Failure   Level
a - Summon Small Mammal   Summ           96%        N/A       1%          1
b - Call Canine Familiar  Summ           24%        N/A       2%          3
c - Call Imp              Summ           24%        N/A       1%          2
d - Summon Lightning Spi  Summ/Air       14%        N/A       36%         4

Your spell library contained the following spells:

 Spells                   Type           Power      Damage    Failure   Level
 Summon Guardian Golem    Hex/Summ       14%        N/A       12%         3


Dungeon Overview and Level Annotations

Branches:
Dungeon (5/15)
 Temple: D:4-7

Altars:
Elyvilon
Okawaru
Qazlal
Sif Muna
Uskayaw
Xom

Annotations:
D:4 3 runed translucent doors, kalagan's ghost, amateur DEEE
D:5 Edmund; Menkaure; Pikel


Message History

You can no longer call upon Sif Muna for magical energy.
Kalagan's ghost turns its malevolent gaze towards you.
The hound barks!
The bullfrog gives a loud, deep croak!
Kalagan's ghost says very slowly, "There's no hope."
The bullfrog releases a deep croak.
There is a stone staircase leading down here.
You climb downwards.
Level annotation: Menkaure; Pikel The black bear growls angrily.
The hound barks!
Found a spear, 40 gold pieces, an emerald potion and a leather armour.
Found a stone staircase leading down.
There is a stone staircase leading up here.
You can't go down here!
You climb upwards.
Level annotation: 3 runed translucent doors, kalagan's ghost, amateur DEEE
There is a stone staircase leading down here.
There is a stone staircase leading up here.
There is a stone staircase leading down here.
You climb downwards.
Level annotation: Edmund; Menkaure; Pikel Menkaure shouts!
The iguana hisses angrily.
The iguana closely misses you. The lemure closely misses you.
Menkaure calls on the powers of darkness!
The gnoll convulses!
The gnoll shouts!
The water moccasin convulses!
Pikel convulses!
The gnoll convulses! x3
Your body is wracked with pain!
The iguana convulses!
The gnoll barely misses you. The gnoll hits you with a +0 halberd.
The gnoll barely misses you. The iguana bites you. The lemure hits you!
* * * LOW HITPOINT WARNING * * *
The lemure hits you.
* * * LOW HITPOINT WARNING * * *
There is a stone staircase leading up, spattered with blood here.
The air fills with toxic fumes!
As you read the scroll labelled TUMETA GEFAOC, it crumbles to dust.
It was a scroll of poison.
The gnoll closely misses you. The gnoll hits you with a +0 club.
* * * LOW HITPOINT WARNING * * *
The iguana bites you.
You die...

###############
§§§§§§5l§§§§§§§
§§§§§§g@§§§§§§§
§§§§§§gg5§§§§§§
§§§§§§K§§§§§§§§
§§§§§§S5§§§§§§§
§§§§§§§g§§§§§§§
§.M§§§.§§§§§§§§
§§§§§§§§§§§§§§§
§§§§§§§§§§§§§§§......#
...........#


You could see Pikel, a water moccasin, 3 lemures, Menkaure, an iguana and 4
gnolls.

Vanquished Creatures
  A hound (D:4)
  Jessica (D:3)
  3 adders
  A shadow imp (D:4)
  A dart slug (D:2)
  4 bats
  3 endoplasms
  A giant cockroach (D:3)
  6 goblins
  A hobgoblin (D:1)
  A quokka (D:1)
  6 ball pythons
  2 frilled lizards
  2 kobolds
  6 rats
39 creatures vanquished.

Vanquished Creatures (collateral kills)
  Sigmund (D:2)
  A lemure (D:4)
  A hound (D:3)
  An orc wizard (D:4)
  Robin (D:4)
  6 gnolls
  3 adders
  7 orcs (D:4)
  5 ball pythons
  2 endoplasms (D:4)
  A giant cockroach (D:1)
  8 goblins
  11 hobgoblins
  5 kobolds
  2 quokkas
  A bat (D:1)
  A frilled lizard (D:1)
  4 rats
61 creatures vanquished.

Vanquished Creatures (others)
  4 fungi (D:4)
4 creatures vanquished.

Grand Total: 104 creatures vanquished

Notes
Turn   | Place    | Note
-------+----------+-------------------------------------------
     0 | D:1      | ChadusMaximus the Human Summoner began the quest for the
                  | Orb.
     0 | D:1      | Reached XP level 1. HP: 13/13 MP: 3/3
   307 | D:1      | Reached XP level 2. HP: 12/19 MP: 3/5
   952 | D:1      | Reached XP level 3. HP: 21/24 MP: 6/6
   956 | D:1      | Learned a level 3 spell: Call Canine Familiar
   959 | D:1      | Learned a level 2 spell: Call Imp
  1693 | D:1      | Found a faded altar of an unknown god.
  1988 | D:2      | Reached XP level 4. HP: 30/30 MP: 3/7
  2672 | D:2      | Reached skill level 5 in Summonings
  2862 | D:2      | Noticed Sigmund
  2919 | D:2      | Killed Sigmund
  2920 | D:2      | Reached skill level 6 in Summonings
  2920 | D:2      | Reached XP level 5. HP: 35/35 MP: 3/10
  2920 | D:2      | Reached XP level 6. HP: 41/41 MP: 3/11
  3808 | D:3      | Noticed Jessica
  3815 | D:3      | Killed Jessica
  3885 | D:3      | Reached XP level 7. HP: 46/46 MP: 12/12
  4283 | D:3      | Learned a level 4 spell: Summon Lightning Spire
  4289 | D:4      | Found a hide-covered altar of Uskayaw.
  4292 | D:4      | Found a shimmering blue altar of Sif Muna.
  4293 | D:4      | Found a white marble altar of Elyvilon.
  4293 | D:4      | Found a stormy altar of Qazlal.
  4313 | D:4      | Became a worshipper of Sif Muna the Loreminder
  4393 | D:4      | Found a runed translucent gate.
  4393 | D:4      | Found a runed translucent gate.
  4393 | D:4      | Found a runed translucent gate.
  4396 | D:4      | Noticed kalagan's ghost (amateur DEEE)
  4653 | D:4      | Noticed Robin
  4660 | D:4      | Reached skill level 7 in Summonings
  4665 | D:5      | Entered Level 5 of the Dungeon
  4665 | D:5      | Noticed a water moccasin
  4909 | D:4      | Found an iron altar of Okawaru.
  4938 | D:4      | Killed Robin
  4944 | D:4      | Reached * piety under Sif Muna
  5218 | D:4      | Found a shimmering altar of Xom.
  5560 | D:5      | Noticed Pikel
  5560 | D:5      | Noticed Menkaure
  5833 | D:5      | Noticed Edmund
  5859 | D:5      | Slain by an iguana

Illustrated notes

Levels and vault maps discovered:
D:1:      amcnicky_arrival_blooded_trapdoor, layout_loops_corners,
          hellmonk_ecumenical_altar_crossroads, fountainhead,
          minmay_strange_pillars
D:2:      layout_loops_corners, nicolae_eternal_life, uniq_sigmund
D:3:      layout_basic, uniq_jessica
D:4:      layout_rooms, kennysheep_mini, grunt_temple_overflow_open,
          mainiacjoe_overflow_chevrons, gammafunk_ghost_split, uniq_robin
D:5:      layout_basic, grunt_temple_overflow_opulence,
          minmay_temple_entry_hall, uniq_edmund, uniq_menkaure, uniq_pikel

Skill      XL: |  1  2  3  4  5  6  7 |
---------------+----------------------+-----
Summonings     | 6 7 |  7.2
Spellcasting   | 3 4 |  4.3
Dodging        | |  2.0
Stealth        | |  2.0

Action                   |  1- 3 |  4- 6 |  7- 9 || total
-------------------------+-------+-------+-------++-------
Melee: Unarmed           |    16 |       |       ||    16
       Club              |    41 |       |       ||    41
       Short sword       |    25 |    40 |       ||    65
       Punch             |       |     1 |       ||     1
       Halberd           |       |    24 |    60 ||    84
 Cast: Summon Small Mamm |    23 |     2 |    12 ||    37
       Call Canine Famil |     5 |     8 |     7 ||    20
       Call Imp          |     1 |     4 |     9 ||    14
  Use: Scroll            |       |       |     3 ||     3
       Potion            |       |       |     1 ||     1
 Stab: Distracted        |     2 |       |       ||     2
       Sleeping          |     6 |     5 |     4 ||    15
Armor: Robe              |    30 |    15 |    14 ||    59
Dodge: Dodged            |    97 |    52 |    66 ||   215
